 Dungeon Crawl Stone Soup version 0.26.1-11-gd32895ea62 (webtiles) character file.

Game seed: 2473669662194453056

1211 ShyWoof the Conjurer (level 8, 0/58 HPs)
             Began as a Gnoll Conjurer on July 5, 2021.
             Slain by a wraith (8 damage)
             ... in an ossuary.
             The game lasted 00:21:48 (5932 turns).

ShyWoof the Conjurer (Gnoll Conjurer)               Turns: 5932, Time: 00:21:49

Health: 0/58       AC:  5    Str:  9    XL:     8   Next: 46%
Magic:  15/17      EV: 15    Int: 23    God:
Gold:   265        SH:  0    Dex: 14    Spells: 12/19 levels left

rFire    . . .     SeeInvis .   a - +1 short sword (elec)
rCold    + . .     Faith    .   (no shield)
rNeg     . . .     Spirit   .   t - +2 robe {rC+}
rPois    .         Reflect  .   m - +0 helmet
rElec    .         Harm     .   h - scarf {repulsion}
rCorr    .         Rampage  .   (no gloves)
Will     .....                  (no boots)
Stlth    +++.......             (no amulet)
HPRegen  0.19/turn              (no ring)
MPRegen  0.15/turn              (no ring)

@: slowed, repel missiles, very slow
A: distributed training, fangs 1, strong nose
a: no special abilities


You were in an ossuary.
You visited 1 branch of the dungeon, and saw 6 of its levels.
You also visited: Ossuary.

You collected 265 gold pieces.

Inventory:

Hand Weapons
 a - a +1 short sword of electrocution (weapon)
 b - a +1 short sword of venom
Missiles
 w - 29 poisoned darts (quivered)
Armour
 h - a scarf of repulsion (worn)
 k - a +1 leather armour
 m - a +0 helmet (worn)
 q - a +0 robe
 t - a +2 robe of cold resistance (worn)
Jewellery
 g - an uncursed ring of protection from fire
 l - an uncursed ring of resist corrosion {unknown}
 A - an uncursed amulet of faith {unknown}
Wands
 u - a wand of digging (4)
Scrolls
 i - a scroll of blinking
 j - a scroll of enchant armour
 n - 2 scrolls of remove curse
 o - 8 scrolls of identify
 s - a scroll of immolation {unknown}
 v - a scroll of enchant weapon
Potions
 c - 2 potions of attraction {unknown}
 d - a potion of curing {unknown}
 e - a potion of brilliance {unknown}
 f - 2 potions of magic {unknown}
 p - a potion of lignification {unknown}
 r - a potion of flight {unknown}
 x - a potion of berserk rage {unknown}
 z - a potion of degeneration {unknown}


   Skills:
 + Level 3.3 Fighting
 + Level 3.3 Short Blades
 + Level 3.3 Long Blades
 + Level 3.3 Axes
 + Level 3.3 Maces & Flails
 + Level 3.3 Polearms
 + Level 3.3 Staves
 + Level 3.3 Slings
 + Level 3.3 Bows
 + Level 3.3 Crossbows
 + Level 3.3 Throwing
 + Level 3.3 Armour
 + Level 5.7 Dodging
 + Level 5.4 Stealth
 + Level 3.3 Shields
 + Level 3.3 Unarmed Combat
 + Level 6.0 Spellcasting
 + Level 7.6 Conjurations
 + Level 2.6 Hexes
 + Level 2.6 Summonings
 + Level 2.6 Necromancy
 + Level 2.6 Translocations
 + Level 2.6 Transmutations
 + Level 2.6 Fire Magic
 + Level 2.6 Ice Magic
 + Level 2.6 Air Magic
 + Level 2.6 Earth Magic
 + Level 2.6 Poison Magic
 + Level 3.6 Invocations
 + Level 3.3 Evocations


You had 12 spell levels left.
You knew the following spells:

 Your Spells              Type           Power        Failure   Level
a - Magic Dart            Conj           100%         1%          1
b - Searing Ray           Conj           84%          1%          2
c - Fulminant Prism       Conj/Hex       15%          10%         4

Your spell library contained the following spells:

 Spells                   Type           Power        Failure   Level
 Dazzling Flash           Conj/Hex       60%          3%          3
 Iskenderun's Mystic Bla  Conj/Tloc      30%          10%         4


Dungeon Overview and Level Annotations

Branches:
Dungeon (6/15)            Ossuary (1/1)
 Temple: D:4-7

Altars:
Ashenzari
Hepliaklqana
Qazlal
Uskayaw
Xom

Shops:
D:6 ?


Innate Abilities, Weirdness & Mutations

Your experience applies equally to all skills.
You have very sharp teeth.
Your uncanny sense of smell can sniff out nearby items.


Message History

Blink to where?
Press: ? - help, Dir - move target
As you read the scroll of blinking, it crumbles to dust.
You close the door.
You start resting.
A wraith is nearby!
Casting: Searing Ray (safe; 1% risk of failure)
Confirm with . or Enter, or press ? or * to list all spells.
Aiming: Searing Ray (safe; 1% risk of failure)
Press: ? - help, Shift-Dir - straight line, f - wraith
Aim: a wraith (heavily damaged, 18% to evade)
The searing ray hits the wraith.
The wraith is heavily damaged. (Press . to maintain the ray.)
The wraith hits you!
* * * LOW HITPOINT WARNING * * *
The wraith drains your vigour!
You feel as though you will be slow longer.
The wraith hits you!
You die...

########## .........# #'.# #
#.#§# ###..###W# ###
########## .........# #z#
#.....##.#
.!??..###.###▓#####.8.8.##'#
/!!..#z#.W@....'.......'...
!?/..###.###▓#####.8.8.##'#
........# #W# #.....##.#
###..###.# ### ##########
#z#..#)#.# ..###..##'.#
...........# ############


You could see a wraith.

Vanquished Creatures
  2 orc warriors
  An ice beast (D:4)
  Blork the orc (D:5)
  A wight (Ossuary)
  A howler monkey (D:6)
  A hound (D:6)
  A bullfrog zombie (D:5)
  4 orc wizards
  A gnoll shaman (D:4)
  An orc priest (D:6)
  A bullfrog skeleton (D:4)
  Jessica (D:3)
  4 worker ants
  A hound zombie (D:4)
  A hound skeleton (D:4)
  Robin (D:2)
  14 gnolls
  8 adders
  A howler monkey skeleton (D:4)
  2 white imps
  An ufetubus (D:5)
  An ooze (D:4)
  2 adder zombies
  2 worms (D:3)
  3 leopard geckos
  18 orcs
  9 giant cockroaches
  6 hobgoblins
  6 jackals
  5 kobolds
  3 quokkas
  4 ball python skeletons (Ossuary)
  3 bats
  5 frilled lizards
  11 goblins
  A hobgoblin skeleton (Ossuary)
  A kobold zombie (Ossuary)
  An orc skeleton (Ossuary)
  A quokka skeleton (D:4)
  10 rats
141 creatures vanquished.

Vanquished Creatures (others)
  6 fulminant prisms
6 creatures vanquished.

Grand Total: 147 creatures vanquished

Notes
Turn   | Place    | Note
-------+----------+-------------------------------------------
     0 | D:1      | ShyWoof the Gnoll Conjurer began the quest for the Orb.
     0 | D:1      | Reached XP level 1. HP: 13/13 MP: 6/6
   122 | D:1      | Reached XP level 2. HP: 19/19 MP: 4/7
   178 | D:1      | Learned a level 2 spell: Searing Ray
   510 | D:1      | Reached skill level 5 in Spellcasting
   510 | D:1      | Reached XP level 3. HP: 25/25 MP: 4/9
   821 | D:2      | Reached skill level 1 in Invocations
  1081 | D:2      | Reached skill level 1 in Fighting
  1081 | D:2      | Reached skill level 1 in Short Blades
  1081 | D:2      | Reached skill level 1 in Long Blades
  1081 | D:2      | Reached skill level 1 in Axes
  1081 | D:2      | Reached skill level 1 in Maces & Flails
  1081 | D:2      | Reached skill level 1 in Polearms
  1081 | D:2      | Reached skill level 1 in Staves
  1081 | D:2      | Reached skill level 1 in Slings
  1081 | D:2      | Reached skill level 1 in Bows
  1081 | D:2      | Reached skill level 1 in Crossbows
  1081 | D:2      | Reached skill level 1 in Throwing
  1081 | D:2      | Reached skill level 1 in Armour
  1081 | D:2      | Reached skill level 1 in Shields
  1081 | D:2      | Reached skill level 1 in Unarmed Combat
  1081 | D:2      | Reached skill level 1 in Evocations
  1296 | D:2      | Reached XP level 4. HP: 20/32 MP: 11/11
  1902 | D:2      | Reached skill level 1 in Hexes
  1902 | D:2      | Reached skill level 1 in Summonings
  1902 | D:2      | Reached skill level 1 in Necromancy
  1902 | D:2      | Reached skill level 1 in Translocations
  1902 | D:2      | Reached skill level 1 in Transmutations
  1902 | D:2      | Reached skill level 1 in Fire Magic
  1902 | D:2      | Reached skill level 1 in Ice Magic
  1902 | D:2      | Reached skill level 1 in Air Magic
  1902 | D:2      | Reached skill level 1 in Earth Magic
  1902 | D:2      | Reached skill level 1 in Poison Magic
  2034 | D:2      | Noticed Robin
  2042 | D:2      | Killed Robin
  2462 | D:3      | Reached XP level 5. HP: 34/37 MP: 8/12
  2574 | D:3      | Noticed Jessica
  2581 | D:3      | Killed Jessica
  2783 | D:3      | Reached XP level 6. HP: 44/44 MP: 7/13
  2912 | D:3      | Found a shimmering altar of Xom.
  2920 | D:3      | Found a stormy altar of Qazlal.
  2923 | D:3      | Noticed an orc warrior
  2946 | D:3      | Reached skill level 5 in Dodging
  3087 | D:3      | Found a hide-covered altar of Uskayaw.
  3104 | D:3      | Killed an orc warrior
  3114 | D:3      | Learned a level 4 spell: Fulminant Prism
  3548 | D:4      | Reached XP level 7. HP: 49/50 MP: 15/15
  3997 | D:4      | Found a hazy altar of Hepliaklqana.
  4116 | D:4      | Reached skill level 5 in Stealth
  4526 | D:5      | Entered Level 5 of the Dungeon
  4607 | D:5      | Noticed Blork the orc
  4612 | D:5      | Killed Blork the orc
  4726 | D:5      | Found a broken altar of Ashenzari.
  4918 | D:5      | Reached XP level 8. HP: 29/57 MP: 12/16
  5582 | D:6      | Found Nuufeczo's Magic Scroll Shop.
  5732 | D:6      | Found a sand-covered staircase.
  5738 | Ossuary  | Entered an ossuary
  5878 | Ossuary  | Noticed a flying skull
  5878 | Ossuary  | Noticed a wraith
  5908 | Ossuary  | Noticed a flying skull
  5919 | Ossuary  | Noticed a flying skull
  5923 | Ossuary  | Noticed a wraith
  5932 | Ossuary  | Slain by a wraith

Illustrated notes

Levels and vault maps discovered:
D:1:      mrwooster_arrival_statue_2, layout_loops_ring
D:2:      layout_basic, uniq_robin
D:3:      layout_loops_ring, grunt_temple_overflow_open, xom_teletrap_fun,
          uniq_jessica
D:4:      layout_loops_ring, nzn_hepliaklqana_mist_gate
D:5:      layout_basic, general_overflow_altar, uniq_blork_the_orc
D:6:      layout_loops_ring, kennysheep_vampire_church, cheibriados_altar_1,
          serial_shops, nicolae_shop_waterfront, enter_ossuary_3, sword_in_stone
Ossuary:  ossuary_due_cavern

Skill      XL: |  1  2  3  4  5  6  7  8 |
---------------+-------------------------+-----
Spellcasting   | 5 6 |  6.0
Invocations    | 1 2 3 |  3.6
Fighting       | 1 2 3 |  3.3
Short Blades   | 1 2 3 |  3.3
Long Blades    | 1 2 3 |  3.3
Axes           | 1 2 3 |  3.3
Maces & Flails | 1 2 3 |  3.3
Polearms       | 1 2 3 |  3.3
Staves         | 1 2 3 |  3.3
Slings         | 1 2 3 |  3.3
Bows           | 1 2 3 |  3.3
Crossbows      | 1 2 3 |  3.3
Throwing       | 1 2 3 |  3.3
Armour         | 1 2 3 |  3.3
Shields        | 1 2 3 |  3.3
Unarmed Combat | 1 2 3 |  3.3
Evocations     | 1 2 3 |  3.3
Hexes          | 1 2 |  2.6
Summonings     | 1 2 |  2.6
Necromancy     | 1 2 |  2.6
Translocations | 1 2 |  2.6
Transmutations | 1 2 |  2.6
Fire Magic     | 1 2 |  2.6
Ice Magic      | 1 2 |  2.6
Air Magic      | 1 2 |  2.6
Earth Magic    | 1 2 |  2.6
Poison Magic   | 1 2 |  2.6
Dodging        | 5 |  5.7
Stealth        | 5 |  5.4
Conjurations   | |  7.6

Action                   |  1- 3 |  4- 6 |  7- 9 || total
-------------------------+-------+-------+-------++-------
Melee: Club              |     3 |       |       ||     3
       Short sword       |    32 |    57 |   107 ||   196
       Bite              |     4 |     5 |     8 ||    17
 Cast: Magic Dart        |    13 |    21 |     5 ||    39
       Searing Ray       |     4 |    16 |     7 ||    27
       Fulminant Prism   |       |       |     6 ||     6
  Use: Scroll            |     2 |     2 |     5 ||     9
 Stab: Sleeping          |     4 |     9 |    15 ||    28
       Distracted        |       |     1 |       ||     1
Armor: Leather armour    |     4 |    13 |    22 ||    39
       Robe              |     4 |       |       ||     4
Dodge: Dodged            |    21 |    36 |    86 ||   143
       Repelled          |       |       |     1 ||     1
